 Dungeon Crawl Stone Soup version 0.25-a0-1007-g10a8c3caa8 (webtiles) character file.

Game seed: 1149959491007980162, levelgen mode: deterministic

251046 Flugslaktarn the Tortoise (level 18, -13/176 HPs)
             Began as a Minotaur Fighter on May 12, 2020.
             Was the Champion of Okawaru.
             Mangled by a slime creature (14 damage)
             ... on level 4 of the Pits of Slime.
             The game lasted 00:22:04 (38638 turns).

Flugslaktarn the Tortoise (Minotaur Fighter)       Turns: 38638, Time: 00:22:05

Health: -13/176    AC: 18    Str: 25    XL:     18   Next: 92%
Magic:  16/20      EV: 14    Int:  5    God:    Okawaru [******]
Gold:   2073       SH: 16    Dex: 12    Spells: 17/17 levels left

rFire    + . .     SeeInvis .   B - +9 broad axe (protect)
rCold    + . .     Gourm    .   J - +2 kite shield {reflect}
rNeg     + + .     Faith    .   E - +2 plate armour {rF+}
rPois    .         Spirit   .   (helmet unavailable)
rElec    .         Reflect  +   Q - +2 cloak {+Inv}
rCorr    +         Harm     .   S - +0 pair of gloves "Lazilead" {rC+ rN+ Dex-4 Slay+3}
MR       ++++.     Clarity  +   a - +2 pair of boots {run} Stlth ..........Rnd*Tele +
                                u - amulet of the Four Winds {rN+ MR+++ Clar}
HPRegen  0.39/turn              k - ring of resist corrosion
MPRegen  0.17/turn              j - +3 ring of slaying

@: corroded, protection aura, quick
A: retaliatory headbutt, horns 3, clarity, low mp 1, screaming 1, shaggy fur 1,
strong 1, teleportitis 2, subdued magic 1
}: 2/15 runes: serpentine, barnacled
a: Heroism, Finesse, Renounce Religion, Evoke Invisibility


You were on level 4 of the Pits of Slime.
You worshipped Okawaru.
Okawaru was exalted by your worship.
You were not hungry.

You visited 7 branches of the dungeon, and saw 37 of its levels.
You also visited: Volcano.

You collected 2911 gold pieces.
You spent 838 gold pieces at shops.

Inventory:

Hand Weapons
 B - a +9 broad axe of protection (weapon)
   (Okawaru gifted it to you on level 9 of the Dungeon)
Missiles
 D - 6 throwing nets (quivered)
Armour
 a - a +2 pair of boots of running (worn)
   (Okawaru gifted it to you on level 10 of the Dungeon)
 E - a +2 plate armour of fire resistance (worn)
   (You found it in a volcano)
 J - a +2 kite shield of reflection (worn)
   (You took it off Donald on level 4 of the Snake Pit)
 N - the +3 crown of Dyrovepreva {rElec Int+2 SInv}
   (You found it on level 13 of the Dungeon)

   It affects your intelligence (+2).
   It insulates you from electricity.
   It lets you see invisible.
 O - a +2 tower shield of positive energy
   (You took it off a naga warrior on level 4 of the Snake Pit)
 Q - a +2 cloak of invisibility (worn)
   (You took it off Maurice on level 2 of the Orcish Mines)
 S - the +0 pair of gloves "Lazilead" (worn) {rC+ rN+ Dex-4 Slay+3}
   (You bought it in a shop on level 2 of the Orcish Mines)

   It affects your dexterity (-4).
   It affects your accuracy and damage with ranged weapons and melee attacks
   (+3).
   It protects you from cold.
   It protects you from negative energy.
Jewellery
 i - an uncursed ring of see invisible
   (You found it on level 5 of the Lair of Beasts)
 j - a +3 ring of slaying (right hand)
   (You found it on level 6 of the Dungeon)
 k - a ring of resist corrosion (left hand)
   (You found it on level 9 of the Dungeon)
 o - an uncursed amulet of faith
   (You found it on level 3 of the Dungeon)
 u - the amulet of the Four Winds (around neck) {rN+ MR+++ Clar}
   (You bought it in a shop on level 2 of the Orcish Mines)

   [amulet of nothing]

   It protects you from negative energy.
   It affects your resistance to hostile enchantments.
   It protects you against confusion.
 G - a +6 ring of strength
   (You took it off a centaur on level 14 of the Dungeon)
Wands
 f - a wand of paralysis (6)
   (You found it on level 6 of the Lair of Beasts)
 p - a wand of clouds (11)
   (You found it on level 7 of the Dungeon)
 v - a wand of digging (9)
   (You found it on level 1 of the Snake Pit)
 M - a wand of enslavement (5)
   (You found it on level 4 of the Lair of Beasts)
 R - a wand of acid (8)
   (You found it on level 14 of the Dungeon)
Scrolls
 c - a scroll of brand weapon
 m - 2 scrolls of fear
 r - 3 scrolls of identify
 s - 4 scrolls of magic mapping
 t - 14 scrolls of teleportation
 x - 8 scrolls of remove curse
 y - 3 scrolls of immolation
 z - 3 scrolls of blinking
 C - a scroll of summoning
 I - 5 scrolls of enchant weapon
 T - a scroll of acquirement {unknown}
 U - a scroll of enchant armour
Potions
 b - 2 potions of magic
 d - 5 potions of might
 g - a potion of berserk rage
 h - a potion of haste
 l - 3 potions of lignification
 n - 4 potions of resistance
 q - 10 potions of curing
 w - 4 potions of heal wounds
 A - 2 potions of ambrosia
 H - 4 potions of cancellation
 L - 2 potions of invisibility
 P - 4 potions of brilliance
Miscellaneous
 K - a tin of tremorstones (3/3)
   (You found it on level 12 of the Dungeon)
Comestibles
 e - 30 rations


   Skills:
 + Level 19.2 Fighting
 - Level 18.0 Axes
 + Level 19.2 Armour
 + Level 13.9 Dodging
 - Level 15.0 Shields
 - Level 8.0 Invocations
 - Level 6.0 Evocations


You had 17 spell levels left.
You didn't know any spells.
Your spell library contained the following spells:

 Spells                   Type           Power        Failure   Level  Hunger
 Stone Arrow              Conj/Erth      #.....       100%        3    ####...
 Borgnjor's Vile Clutch   Necr/Erth      #.........   100%        5    ######.
 Lee's Rapid Deconstruct  Erth           #.........   100%        5    ######.
 Statue Form              Tmut/Erth      #........    100%        6    #######


Dungeon Overview and Level Annotations

Branches:
Dungeon (15/15)            Temple (1/1) D:5            Lair (6/6) D:8
 Shoals (4/4) Lair:3        Snake (4/4) Lair:4        Slime (5/5) Lair:5
    Orc (2/2) D:11            Elf (0/3) Orc:2        Vaults (0/5) D:13
 Depths (0/5) D:15        Volcano (visited)

Altars:
Ashenzari
Cheibriados
Dithmenos
Fedhas
Gozag
Kikubaaqudgha
Okawaru
Trog
Xom
Yredelemnul
Zin
Beogh
Jiyva

Shops:
D:7 }   Orc:2 ?}=[

Annotations:
D:13 3 runed translucent doors, Xaez's ghost, journeyman HOFi


Innate Abilities, Weirdness & Mutations

You reflexively headbutt those who attack you in melee.
You have a pair of large horns on your head.
You possess an exceptional clarity of mind.
Your magical capacity is low. (-10% MP)
You occasionally shout uncontrollably at your foes.
You are covered in fur. (AC +1)
Your muscles are strong. (Str +2)
You are sometimes teleported next to monsters.
Your spells are a little easier to cast, but a little less powerful.


Message History

The slime creature is almost dead.
You slice the slime creature!!
You kill the slime creature!
Okawaru accepts your kill.
You slice the large slime creature!! You slash the slime creature!
You are splashed with acid.
You resist.
* * * LOW HITPOINT WARNING * * *
You block the slime creature's attack. The slime creature barely misses you.
You slice the slime creature!!
You kill the slime creature!
Okawaru accepts your kill.
You slash the slime creature! You slash the large slime creature!
You hit the slime creature.
You are splashed with acid.
You resist.
* * * LOW HITPOINT WARNING * * *
A golden eye comes into view. x2
The golden eye blinks at you. You resist with almost no effort.
The large slime creature hits you!!
* * * LOW HITPOINT WARNING * * *
The slime creature hits you!
You die...

......<...
..>.....#......# .##..
.....#..#....... .#..G
........... .... ......
........#.#.#... .....G
....#.....##....##......
...........##.....G....<
..........###..J.JJ.....
#..........# #@JJJ#
#.........# #........
..........# #........
....<..#.## #..^#...#
#.....## # ...#. ...
#.#....# #.#... .#
...##.## #### ## # #.#
## ##


You could see a large slime creature, 5 slime creatures and 3 golden eyes.

Vanquished Creatures
  8 acid blobs
  Polyphemus (Shoals:3)
  A sphinx (D:12)
  Gastronok (D:10)
  Kirke (Shoals:1)
  Donald (Snake:4)
  Roxanne (D:15)
  7 nagarajas (Snake:4)
  A frost giant (Shoals:4)
  3 azure jellies
  Aizul (Snake:1)
  2 orc warlords
  A stone giant (Volcano)
  Nessos (D:15)
  Snorg (D:10)
  Josephine (Lair:4)
  An ettin (D:13)
  5 merfolk javelineers
  An ogre mage (D:15)
  5 merfolk impalers (Shoals:4)
  The ghost of EnegeticOcto the Cleaver, a journeyman DDFi of Gozag (D:11)
  A great orb of eyes (Slime:3)
  Fannar (D:10)
  3 yaktaur captains
  Harold (D:9)
  14 naga warriors
  A catoblepas (Shoals:3)
  3 centaur warriors (D:14)
  7 hydras
  13 anacondas
  8 two-headed ogres
  3 merfolk avatars
  2 death knights (D:15)
  2 merfolk aquamancers
  2 satyrs (Shoals:4)
  A tengu warrior (D:14)
  9 death yaks
  11 naga sharpshooters
  10 shock serpents
  A hell knight (D:12)
  Sonja (D:13)
  5 salamander mystics
  The ghost of Hasart the Frost Mage, a novice DEIE of Sif Muna (D:10)
  3 skeletal warriors (D:15)
  A deep troll (D:13)
  2 unseen horrors
  A glowing orange brain (Slime:3)
  3 wizards (D:15)
  9 sea snakes
  A sea snake (shapeshifter) (D:13)
  4 lindwurms (Snake:4)
  7 naga ritualists
  5 orc knights
  13 mana vipers
  6 harpies
  6 shining eyes
  9 ugly things
  10 fauns
  A deep elf mage (D:14)
  6 orc sorcerers
  5 manticores
  3 cyclopes
  5 salamanders
  Joseph (D:10)
  Maurice (Orc:2)
  6 merfolk sirens
  10 guardian serpents
  31 black mambas
  5 elephants (Lair:6)
  3 water nymphs (Shoals:3)
  5 torpor snails
  18 naga magi
  4 gargoyles
  2 molten gargoyles (Volcano)
  2 eyes of devastation (Slime:5)
  5 komodo dragons
  12 spiny frogs
  6 yaktaurs
  A yaktaur (shapeshifter) (D:15)
  Maggie (D:7)
  5 rime drakes (Lair:6)
  An efreet (Volcano)
  2 freezing wraiths (D:15)
  4 kobold demonologists (D:12)
  8 merfolk
  A queen bee (D:13)
  3 meliai (D:13)
  A wind drake (Shoals:4)
  9 trolls
  9 polar bears
  6 blink frogs
  43 slime creatures
  A hornet (Lair:4)
  A hippogriff (shapeshifter) (D:10)
  11 dream sheep
  10 hippogriffs
  6 snapping turtles
  A shadow (D:14)
  3 water elementals (Shoals:1)
  A spriggan (D:12)
  4 fire bats (Volcano)
  A human (D:12)
  9 wraiths
  27 yaks
  A hog (shapeshifter) (D:13)
  6 basilisks
  7 wyverns
  A hog (Shoals:1)
  4 hungry ghosts
  8 vampire mosquitoes
  10 golden eyes
  13 wargs
  A soldier ant (D:8)
  44 nagas
  14 water moccasins
  A black bear (D:6)
  27 orc warriors
  10 porcupines
  4 ice beasts
  An eye of draining (shapeshifter) (D:12)
  7 eyes of draining
  2 sky beasts
  A necrophage (D:10)
  9 ogres
  2 phantoms
  4 wolves (Lair:3)
  3 boggarts (D:14)
  10 centaurs
  13 crocodiles
  15 bullfrogs
  2 big kobolds
  3 earth elementals (Volcano)
  A gnoll sergeant (D:9)
  6 scorpions
  A hornet simulacrum (D:15)
  3 wights (D:14)
  42 killer bees
  An electric eel (Snake:2)
  6 howler monkeys
  12 crimson imps
  5 centaur zombies
  5 lava snakes (Volcano)
  3 jellies
  A bullfrog zombie (D:12)
  12 hounds
  2 bullfrog skeletons
  20 orc priests
  47 orc wizards
  9 centaur skeletons
  7 iguanas
  11 worker ants
  A hound zombie (D:11)
  A hound skeleton (D:4)
  2 worker ant zombies (D:8)
  3 gnolls (D:9)
  8 adders
  4 shadow imps
  12 white imps (D:14)
  3 oozes
  2 adder zombies
  2 adder skeletons
  4 worms
  5 leopard geckos
  115 orcs
  7 bats
  8 giant cockroaches
  10 goblins
  7 hobgoblins
  18 jackals
  3 quokkas
  A frilled lizard (D:3)
  A jackal skeleton (D:4)
  A jackal zombie (D:5)
  19 kobolds
  2 quokka skeletons
  8 rats
  2 fungi (Lair:4)
  3 plants
1194 creatures vanquished.

Vanquished Creatures (collateral kills)
  A bullfrog skeleton (D:10)
1 creature vanquished.

Vanquished Creatures (others)
  A satyr (Shoals:4)
  An unseen horror (D:15)
  A manticore (Shoals:4)
  A black mamba (Snake:1)
  2 humans (Shoals:1)
  A naga (Snake:4)
  A centaur (D:14)
  An orc wizard (D:3)
  A fungus (Lair:1)
  4 plants (Lair:6)
14 creatures vanquished.

Grand Total: 1209 creatures vanquished

Notes
Turn   | Place    | Note
-------+----------+-------------------------------------------
     0 | D:1      | Flugslaktarn the Minotaur Fighter began the quest for the
                  | Orb.
     0 | D:1      | Reached XP level 1. HP: 19/19 MP: 0/0
   340 | D:1      | Reached XP level 2. HP: 27/27 MP: 1/1
   411 | D:1      | Found an iron altar of Okawaru.
   419 | D:1      | Became a worshipper of Warmaster Okawaru
   924 | D:2      | Reached XP level 3. HP: 33/33 MP: 2/2
   940 | D:2      | Found an ancient bone altar of Kikubaaqudgha.
   941 | D:2      | Found a blossoming altar of Fedhas.
  1958 | D:3      | Reached skill level 1 in Invocations
  1958 | D:3      | Reached XP level 4. HP: 40/40 MP: 3/3
  2440 | D:3      | Found a shadowy altar of Dithmenos.
  2441 | D:3      | Reached XP level 5. HP: 46/46 MP: 5/5
  2442 | D:3      | Found a glowing silver altar of Zin.
  3768 | D:5      | Entered Level 5 of the Dungeon
  3768 | D:5      | Noticed a phantom
  3792 | D:5      | Killed a phantom
  3792 | D:5      | Reached * piety under Okawaru
  3792 | D:5      | Reached skill level 5 in Axes
  3792 | D:5      | Reached XP level 6. HP: 44/53 MP: 6/6
  3919 | D:5      | Reached skill level 5 in Armour
  4092 | D:5      | Found a staircase to the Ecumenical Temple.
  4111 | Temple   | Entered the Ecumenical Temple
  4145 | D:5      | Noticed an ice beast
  4151 | D:5      | Reached skill level 5 in Shields
  4164 | D:5      | Killed an ice beast
  4164 | D:5      | Reached skill level 5 in Fighting
  4164 | D:5      | Reached XP level 7. HP: 28/61 MP: 7/7
  4556 | D:5      | Found a shimmering altar of Xom.
  4558 | D:5      | Found a bloodstained altar of Trog.
  4563 | D:5      | Found a shattered altar of Ashenzari.
  4981 | D:6      | Reached ** piety under Okawaru
  4991 | D:6      | Reached XP level 8. HP: 53/70 MP: 9/9
  6199 | D:7      | Reached *** piety under Okawaru
  6466 | D:7      | Found Aruriuc's Gadget Shoppe.
  6467 | D:7      | Found a snail-covered altar of Cheibriados.
  6579 | D:7      | Reached XP level 9. HP: 71/78 MP: 11/11
  6662 | D:7      | Noticed Maggie
  6672 | D:7      | Killed Maggie
  6849 | D:7      | Reached **** piety under Okawaru
  7048 | D:8      | Found a basalt altar of Yredelemnul.
  7291 | D:8      | Reached skill level 5 in Invocations
  7297 | D:8      | HP: 3/79 [orc priest/divine providence (16)]
  7726 | D:8      | Found a staircase to the Lair.
  7726 | D:8      | Noticed a death yak
  7731 | D:8      | Reached ***** piety under Okawaru
  7736 | D:8      | Reached skill level 10 in Axes
  7743 | D:8      | Killed a death yak
  7743 | D:8      | Reached XP level 10. HP: 62/88 MP: 9/13
  8626 | D:9      | Noticed Harold
  8630 | D:9      | Received a gift from Okawaru
  8641 | D:9      | Killed Harold
  9237 | D:10     | Entered Level 10 of the Dungeon
  9252 | D:10     | Found a transporter.
  9303 | D:10     | Found a transporter.
  9386 | D:10     | Noticed Snorg
  9396 | D:10     | Killed Snorg
  9487 | D:10     | Noticed Gastronok
  9501 | D:10     | Killed Gastronok
  9501 | D:10     | Received a gift from Okawaru
  9501 | D:10     | Reached ****** piety under Okawaru
  9501 | D:10     | Reached XP level 11. HP: 52/97 MP: 5/15
  9680 | D:10     | Got a smoking war axe {god gift}
  9681 | D:10     | Identified the +0 war axe "Sudisuxua" {vorpal, rPois Str+3
                  | Int+4} (Okawaru gifted it to you on level 10 of the
                  | Dungeon)
  9873 | D:10     | Noticed Joseph
  9886 | D:10     | Killed Joseph
 10116 | D:10     | Noticed Hasart's ghost (novice DEIE)
 10117 | D:10     | Noticed Fannar
 10141 | D:10     | Killed Fannar
 10262 | D:10     | Noticed a harpy
 10268 | D:10     | a harpy changed into a polar bear
 10370 | D:10     | Received a gift from Okawaru
 10390 | D:10     | Killed Hasart's ghost
 10399 | D:10     | Identified a +1 pair of boots of running (Okawaru gifted it
                  | to you on level 10 of the Dungeon)
 10614 | D:11     | Reached skill level 10 in Armour
 10749 | D:11     | Reached skill level 10 in Shields
 10966 | D:11     | Found a runed translucent gate.
 10966 | D:11     | Found a runed translucent gate.
 10966 | D:11     | Found a runed translucent gate.
 10969 | D:11     | Found an opulent altar of Gozag.
 10969 | D:11     | Noticed EnegeticOcto's ghost (journeyman DDFi)
 10987 | D:11     | Reached skill level 10 in Fighting
 11047 | D:11     | Found a staircase to the Orcish Mines.
 11351 | D:11     | Noticed a seven-headed hydra
 11362 | D:11     | Killed a 14-headed hydra
 11740 | D:11     | Reached XP level 12. HP: 105/106 MP: 3/16
 11750 | D:11     | Killed EnegeticOcto's ghost
 11750 | D:11     | Received a gift from Okawaru
 11977 | Lair:1   | Entered Level 1 of the Lair of Beasts
 12262 | Lair:1   | Received a gift from Okawaru
 12846 | Lair:1   | Found the +4 skin of Zhor {Englaciate rC+++ SInv}
 13527 | Lair:2   | Found a dark tunnel.
 13554 | Volcano  | Entered a volcano
 13859 | Volcano  | Found a burning altar of Makhleb.
 13966 | Volcano  | Noticed a stone giant
 13978 | Volcano  | Killed a stone giant
 14276 | Lair:2   | Noticed a death yak
 14276 | Lair:2   | Noticed a death yak
 14277 | Lair:2   | Noticed a death yak
 14277 | Lair:2   | Noticed a death yak
 14277 | Lair:2   | Noticed a death yak
 14278 | Lair:2   | Noticed a death yak
 14285 | Lair:2   | Killed a death yak
 14287 | Lair:2   | Killed a death yak
 14287 | Lair:2   | Reached skill level 15 in Axes
 14291 | Lair:2   | Killed a death yak
 14293 | Lair:2   | Killed a death yak
 14294 | Lair:2   | Killed a death yak
 14294 | Lair:2   | Reached XP level 13. HP: 62/116 MP: 6/18
 14862 | Lair:3   | Received a gift from Okawaru
 15208 | Lair:3   | Found a staircase to the Shoals.
 16429 | Lair:4   | Noticed Josephine
 16444 | Lair:4   | Killed Josephine
 16510 | Lair:4   | Found a staircase to the Snake Pit.
 17316 | Lair:5   | Found a viscous altar of Jiyva.
 17316 | Lair:5   | Found a staircase to the Slime Pits.
 17372 | Lair:5   | Received a gift from Okawaru
 17936 | Lair:6   | Entered Level 6 of the Lair of Beasts
 18193 | Lair:6   | Reached XP level 14. HP: 127/127 MP: 19/19
 18753 | Lair:6   | HP: 4/127 [drowned by a drowned soul[a merfolk avatar]
                  | (15)]
 19308 | Lair:6   | Received a gift from Okawaru
 19340 | Lair:6   | Found a snail-covered altar of Cheibriados.
 20327 | D:12     | Found a flagged portal.
 20405 | D:12     | Received a gift from Okawaru
 20662 | D:12     | Noticed a sphinx
 20668 | D:12     | Killed a sphinx
 20755 | D:12     | Noticed an orc warlord
 20764 | D:12     | Killed an orc warlord
 21633 | D:13     | Found a runed translucent gate.
 21634 | D:13     | Found a runed translucent gate.
 21635 | D:13     | Found a runed translucent gate.
 21708 | D:13     | Reached skill level 1 in Evocations
 21977 | D:13     | Reached skill level 1 in Dodging
 22004 | D:13     | Got a bound amethyst amulet
 22005 | D:13     | Identified the amulet "Ketuypamn" {Spirit Stlth+} (You
                  | found it on level 13 of the Dungeon)
 22042 | D:13     | Noticed Sonja
 22046 | D:13     | Killed Sonja
 22071 | D:13     | Noticed Xaez's ghost (journeyman HOFi)
 22211 | D:13     | Found the +3 crown of Dyrovepreva {rElec Int+2 SInv}
 22225 | D:13     | Received a gift from Okawaru
 22456 | D:13     | Reached XP level 15. HP: 132/137 MP: 20/20
 22589 | D:13     | Found a gate to the Vaults.
 23509 | D:14     | Found a shadowy altar of Dithmenos.
 23675 | D:14     | Received a gift from Okawaru
 24209 | D:15     | Entered Level 15 of the Dungeon
 24272 | D:15     | Noticed Nessos
 24648 | D:15     | Killed Nessos
 24726 | D:15     | Found a shimmering altar of Xom.
 24727 | D:15     | Identified Roxanne's Catalogue of the Mountains
 24727 | D:15     | Noticed Roxanne
 25076 | D:15     | Reached skill level 5 in Dodging
 25081 | D:15     | Received a gift from Okawaru
 25705 | D:15     | Killed Roxanne
 25786 | D:15     | Reached skill level 5 in Evocations
 25995 | D:15     | Found a staircase to the Depths.
 26425 | Orc:1    | Entered Level 1 of the Orcish Mines
 26425 | Orc:1    | Noticed an orc warlord
 26446 | Orc:1    | Killed an orc warlord
 26456 | Orc:1    | Found a roughly hewn altar of Beogh.
 26604 | Orc:2    | Entered Level 2 of the Orcish Mines
 26655 | Orc:2    | Noticed Maurice
 26657 | Orc:2    | Reached XP level 16. HP: 105/147 MP: 21/21
 26889 | Orc:2    | Reached skill level 15 in Armour
 26892 | Orc:2    | Killed Maurice
 26898 | Orc:2    | Reached skill level 15 in Shields
 27083 | Orc:2    | Reached skill level 15 in Fighting
 27127 | Orc:2    | Found a roughly hewn altar of Beogh.
 27219 | Orc:2    | Found Quhaarra's Gadget Shoppe.
 27219 | Orc:2    | Found Xiarim's Magic Scroll Shop.
 27275 | Orc:2    | Bought a scroll of teleportation for 45 gold pieces
 27275 | Orc:2    | Bought a scroll of teleportation for 45 gold pieces
 27337 | Orc:2    | Received a gift from Okawaru
 27354 | Orc:2    | Found a staircase to the Elven Halls.
 27492 | Orc:2    | Found Mabrusu's Antique Armour Shoppe.
 27492 | Orc:2    | Found Bicau's Jewellery Shop.
 27496 | Orc:2    | Bought a pair of twisted gloves for 266 gold pieces
 27496 | Orc:2    | Identified the cursed +0 pair of gloves "Lazilead" {rC+ rN+
                  | Dex-4 Slay+3} (You bought it in a shop on level 2 of the
                  | Orcish Mines)
 27524 | Orc:2    | Bought the amulet of the Four Winds {rN+ MR+++ Clar} for
                  | 482 gold pieces
 27524 | Orc:2    | Found the amulet of the Four Winds {rN+ MR+++ Clar}
 27917 | Snake:1  | Entered Level 1 of the Snake Pit
 27929 | Snake:1  | Noticed Aizul
 28193 | Snake:1  | Killed Aizul
 29293 | Snake:3  | Received a gift from Okawaru
 30365 | Snake:4  | Entered Level 4 of the Snake Pit
 30677 | Snake:4  | Noticed Donald
 30688 | Snake:4  | Killed Donald
 30693 | Snake:4  | Received a gift from Okawaru
 31259 | Snake:4  | Reached XP level 17. HP: 120/159 MP: 22/22
 31494 | Snake:4  | Reached skill level 10 in Dodging
 32307 | Snake:4  | Received a gift from Okawaru
 34435 | Snake:4  | Got a serpentine rune of Zot
 34544 | Snake:2  | Received a gift from Okawaru
 34639 | Shoals:1 | Entered Level 1 of the Shoals
 34639 | Shoals:1 | Noticed Kirke
 34644 | Shoals:1 | Killed Kirke
 35058 | Shoals:2 | Reached XP level 18. HP: 171/171 MP: 23/23
 35075 | Shoals:3 | Noticed Polyphemus
 35094 | Shoals:3 | Killed Polyphemus
 35558 | Shoals:4 | Entered Level 4 of the Shoals
 35969 | Shoals:4 | Received a gift from Okawaru
 35972 | Shoals:4 | Got a bronze chain mail {god gift}
 35973 | Shoals:4 | Identified the +1 chain mail of Stoicism {rPois rN+}
                  | (Okawaru gifted it to you on level 4 of the Shoals)
 36790 | Shoals:4 | Got a barnacled rune of Zot
 37373 | Slime:1  | Entered Level 1 of the Pits of Slime
 37375 | Slime:1  | Gained mutation: You occasionally shout uncontrollably at
                  | your foes. [a shining eye]
 37404 | Lair:5   | HP: 6/173 [azure jelly (12)]
 37437 | Lair:5   | HP: 8/173 [slime creature (3)]
 38404 | Slime:2  | Gained mutation: Your spells are a little easier to cast,
                  | but a little less powerful. [a shining eye]
 38420 | Slime:2  | Received a gift from Okawaru
 38496 | Slime:2  | Gained mutation: You are frail. (-10% HP) [a shining eye]
 38505 | Slime:3  | Gained mutation: Armour fits poorly on your strangely
                  | shaped body. [a shining eye]
 38507 | Slime:3  | Gained mutation: You are occasionally teleported next to
                  | monsters. [a shining eye]
 38514 | Slime:3  | Gained mutation: You are covered in fur. (AC +1) [a shining
                  | eye]
 38518 | Slime:3  | Gained mutation: You expend magic power (3 MP) to
                  | strengthen your wands. [a shining eye]
 38544 | Slime:3  | Lost mutation: You are frail. (-10% HP) [potion of
                  | mutation]
 38544 | Slime:3  | Lost mutation: Armour fits poorly on your strangely shaped
                  | body. [potion of mutation]
 38544 | Slime:3  | Lost mutation: You expend magic power (3 MP) to strengthen
                  | your wands. [potion of mutation]
 38544 | Slime:3  | Gained mutation: You have a pair of large horns on your
                  | head. [potion of mutation]
 38544 | Slime:3  | Gained mutation: You are sometimes teleported next to
                  | monsters. [potion of mutation]
 38544 | Slime:3  | Gained mutation: Your magical capacity is low. (-10% MP)
                  | [potion of mutation]
 38544 | Slime:3  | Gained mutation: Your muscles are strong. (Str +2) [potion
                  | of mutation]
 38560 | Slime:5  | Entered Level 5 of the Pits of Slime
 38576 | Slime:5  | Gained mutation: You possess an exceptional clarity of
                  | mind. [a shining eye]
 38638 | Slime:4  | HP: 1/176 [large slime creature (18)]
 38638 | Slime:4  | Mangled by a slime creature

Illustrated notes

Levels and vault maps discovered:
D:1:      sevenhm_arrival_forest_fort_large_3, layout_basic, minmay_hexomino_r4
D:2:      layout_loops_cross, grunt_temple_overflow_growth_and_decay,
          serial_co_window_serial, co_window_paths_a, co_window_corner_a,
          co_window_paths_a, co_window_corner_a, co_window_paths_b,
          co_window_of_opportunity_c, co_window_of_opportunity_c,
          co_window_of_opportunity_b, co_window_corner_ca, co_window_2corner,
          co_window_broadway_c, co_window_of_opportunity_c, glass_columns_a,
          glass_columns_a, glass_columns_a, glass_columns_b,
          minmay_misc_feat_four_crosses
D:3:      layout_basic, gammafunk_temple_overflow_wave, first_ration
D:4:      minmay_chambers_of_twos, layout_basic
D:5:      layout_cave_pods, minitemple, minmay_temple_entry_tees,
          serial_column_ruins, column_ruins_columns_corner,
          column_ruins_open_tiny, column_ruins_grid_1, column_ruins_grid_3
D:6:      layout_cave_pods
D:7:      layout_loops_ring, cheibriados_altar_1, serial_shops, shop,
          uniq_maggie
D:8:      layout_loops_corners, nicolae_overflow_crystal_walls,
          david_lair_generic
D:9:      layout_rooms, uniq_harold
D:10:     layout_irregular_city, gammafunk_ghost_arena, uniq_joseph,
          uniq_gastronok, uniq_fannar, uniq_snorg
D:11:     layout_roguey, david_orc_4, ebering_ghost_gozag
D:12:     minmay_sliced_demisemicircle, layout_long_grid, enter_bailey_3,
          hangedman_stone_soup
D:13:     layout_roguey [special_room_orc], david_vaults_4, gammafunk_ghost_icy,
          special_room [special_room_bee], minmay_radiant, uniq_sonja
D:14:     layout_gridville, portal_ice_cave_entry_imps,
          minmay_misc_feat_ornament, grunt_dithmenos_shadows
D:15:     grunt_enter_depths_magical_seal, layout_loops_cross, basic_altar,
          uniq_roxanne, uniq_nessos
Temple:   nicolae_temple_figure_eight
Lair:1:   layout_cave_pods
Lair:2:   layout_gridlike, enter_volcano_4, minivault_19,
          chequers_serial_rivers_micro_d
Lair:3:   beast_lair_carwin_large_1, layout_cave_pods, elwin_shoals_entry_stream
Lair:4:   layout_hall_layers, dummy_snake_entry, hangedman_lair_generics_rect,
          grunt_megastairs_4, uniq_josephine
Lair:5:   layout_loops_ring, dpeg_slime_entry_enclosed_altar
Lair:6:   gammafunk_lair_ancient_temple, layout_big_grid,
          small_statue_intersection, kennysheep_snail_temple
Shoals:1: layout_shoals, uniq_kirke
Shoals:2: layout_shoals, nicolae_shoals_wave_tunnel
Shoals:3: layout_shoals, uniq_polyphemus
Shoals:4: shoals_end_grunt_ice, layout_shoals, serial_shops, shop_fountains
Snake:1:  layout_layer_cave, basic_altar, statue_in_the_mist_lemuel,
          evilmike_ambush [evilmike_ambush_outer_basic,
          evilmike_ambush_inner_pond], uniq_aizul
Snake:2:  cheibrodos_snake_ritualist_ritual, layout_basic, minmay_shoptagon
Snake:3:  layout_layer_cave
Snake:4:  snake_pit_salamanders_mu, layout_cave_town, serial_bayou_pond_c,
          uniq_donald
Slime:1:  layout_caves
Slime:2:  layout_caves, nicolae_slime_phagocytosis, uniq_dissolution
Slime:3:  layout_caves
Slime:4:  layout_caves
Slime:5
Orc:1:    layout_caves, basic_altar
Orc:2:    st_orc_town, layout_diamond_mine, uniq_maurice

Skill      XL: |  1  2  3  4  5  6  7  8  9 10 11 12 13 14 15 16 17 18 |
---------------+-------------------------------------------------------+-----
Axes           | 3 4 5 6 8 10 12 13 15 16 18 | 18.0
Armour         | 4 5 6 8 9 10 11 12 13 14 16 18 19 | 19.2
Shields        | 4 5 6 8 9 10 11 12 13 14 15 | 15.0
Fighting       | 4 5 6 8 9 10 11 12 13 14 16 17 19 | 19.2
Invocations    | 1 2 3 4 5 6 7 8 |  8.0
Evocations     | 2 5 6 |  6.0
Dodging        | 2 6 9 12 13 | 13.9

Action                   |  1- 3 |  4- 6 |  7- 9 | 10-12 | 13-15 | 16-18 || total
-------------------------+-------+-------+-------+-------+-------+-------++-------
Melee: War axe           |    94 |   153 |   238 |    70 |       |       ||   555
       Headbutt          |    14 |    17 |    47 |    96 |   249 |   250 ||   673
       Broad axe         |       |       |       |   395 |   953 |  1092 ||  2440
       Unarmed           |       |       |       |       |     3 |       ||     3
Invok: Heroism           |       |       |     3 |     9 |     7 |    15 ||    34
Evoke: Wand              |       |       |       |       |     1 |       ||     1
       Tin of tremorston |       |       |       |       |       |     2 ||     2
  Use: Potion            |       |     2 |     3 |       |     3 |     5 ||    13
       Scroll            |       |       |    10 |    12 |    13 |     7 ||    42
 Stab: Paralysed         |       |       |       |       |     3 |       ||     3
       Petrified         |       |       |       |       |       |     1 ||     1
  Eat: Chunk             |     3 |     7 |    17 |    11 |    28 |    17 ||    83
       Ration            |       |       |     1 |     2 |     4 |     6 ||    13
Armor: Scale mail        |    43 |    68 |    27 |       |       |       ||   138
       Skin              |       |     5 |       |       |     1 |       ||     6
       Plate armour      |       |       |    74 |   216 |   476 |   457 ||  1223
Dodge: Dodged            |    24 |    47 |    52 |   108 |   227 |   352 ||   810
Block: Kite shield       |    58 |    73 |   152 |   267 |   553 |   729 ||  1832
       Reflection        |       |       |       |       |       |    65 ||    65

Table legend:
 A = Non-vault XP
 B = Vault XP
 C = Vault XP percentage of total XP
 D = Non-vault monster count
 E = Vault monster count
 F = Vault count percentage of total count
                 A         B        C        D         E       F
            +---------+---------+-------+---------+---------+-------
      Total |  210325 |  159791 |  43.2 |     797 |     400 |  33.4
            +---------+---------+-------+---------+---------+-------
        D:1 |      33 |       5 |  13.2 |      19 |       3 |  13.6
        D:2 |      37 |       0 |   0.0 |      13 |       0 |   0.0
        D:3 |     124 |       0 |   0.0 |      23 |       0 |   0.0
        D:4 |      46 |     106 |  69.7 |      11 |       7 |  38.9
        D:5 |     845 |       0 |   0.0 |      35 |       0 |   0.0
        D:6 |     691 |       0 |   0.0 |      19 |       0 |   0.0
        D:7 |    1048 |     365 |  25.8 |      21 |       1 |   4.5
        D:8 |    2068 |    1406 |  40.5 |      41 |       4 |   8.9
        D:9 |    1081 |     987 |  47.7 |      26 |       1 |   3.7
       D:10 |    1397 |    6070 |  81.3 |      23 |      10 |  30.3
       D:11 |    4789 |    2632 |  35.5 |      34 |      18 |  34.6
       D:12 |    6834 |    9058 |  57.0 |      28 |      18 |  39.1
       D:13 |    5756 |    8949 |  60.9 |      32 |      58 |  64.4
       D:14 |    9567 |     343 |   3.5 |      36 |      13 |  26.5
       D:15 |   16135 |   11588 |  41.8 |      39 |      14 |  26.4
     Lair:1 |    4328 |       0 |   0.0 |      22 |       0 |   0.0
     Lair:2 |    7237 |       0 |   0.0 |      15 |       0 |   0.0
     Lair:3 |    4413 |    2538 |  36.5 |      18 |      12 |  40.0
     Lair:4 |    5636 |    7231 |  56.2 |      23 |      18 |  43.9
     Lair:5 |    5584 |       0 |   0.0 |      15 |       0 |   0.0
     Lair:6 |    6524 |   11787 |  64.4 |      20 |      31 |  60.8
   Shoals:1 |    7887 |    2294 |  22.5 |      14 |       2 |  12.5
   Shoals:2 |    3352 |       0 |   0.0 |       9 |       0 |   0.0
   Shoals:3 |    2021 |    5069 |  71.5 |       4 |       4 |  50.0
   Shoals:4 |   10007 |   16584 |  62.4 |      19 |      20 |  51.3
    Snake:1 |    2984 |    9298 |  75.7 |       6 |      16 |  72.7
    Snake:2 |    8794 |       0 |   0.0 |      19 |       0 |   0.0
    Snake:3 |   20602 |       0 |   0.0 |      40 |       0 |   0.0
    Snake:4 |   20925 |   51548 |  71.1 |      42 |      69 |  62.2
    Slime:1 |   12207 |       0 |   0.0 |      21 |       0 |   0.0
    Slime:2 |   13999 |       0 |   0.0 |      31 |       0 |   0.0
    Slime:3 |    8098 |       0 |   0.0 |      11 |       0 |   0.0
    Slime:4 |     509 |       0 |   0.0 |       2 |       0 |   0.0
    Slime:5 |    4551 |    2462 |  35.1 |       7 |       1 |  12.5
      Orc:1 |    4220 |       0 |   0.0 |      21 |       0 |   0.0
      Orc:2 |    5996 |    5223 |  46.6 |      38 |      63 |  62.4
    Volcano |       0 |    4248 | 100.0 |       0 |      17 | 100.0
            +---------+---------+-------+---------+---------+-------
